[Event "Titled Tuesday Blitz June 20 Late 2023"]
[White "Brozyna, Mateusz"]
[Black "Diaz Rosas, Julio Cesar"]
[WhiteFideId "21816140"]
[BlackFideId "5105099"]
[WhiteElo "2189"]
[BlackElo "2284"]
[Result "0-1"]
[Round "2"]
[TimeControl "180+2"]
[Date "2023.06.20"]
[WhiteClock "0:00:00"]
[BlackClock "0:00:10"]
[Board "137"]

1. e4 c5 2. Nf3 d6 3. Bb5+ Nc6 4. O-O Bd7 5. Re1 a6 6. Bf1 Nf6 7. c3 Bg4 8. h3 Bxf3 9. Qxf3 Rg8 10. Qd1 Qb6 11. Na3 g5 12. Nc4 Qa7 13. e5 dxe5 14. Nxe5 Nxe5 15. Rxe5 e6 16. d4 g4 17. dxc5 Bxc5 18. Qa4+ Ke7 19. Be3 Bxe3 20. Rxe3 Nd5 21. Re5 gxh3 22. Rae1 hxg2 23. Bc4 Nf4 24. Qb4+ Kf6 25. Bxe6 Nxe6 26. Qh4+ Kg7 27. Rh5 h6 28. Rxh6 Qc5 29. Rh7+ Kf8 30. Rxe6 Qg5 31. Qxg5 Rxg5 32. Rf6 Rg7 33. Rh8+ Ke7 34. Rxf7+ Kxf7 35. Rxa8 Kf6 36. Rd8 Kf5 37. Rd4 Ke5 38. Rd3 Kf4 39. a4 b6 40. a5 bxa5 41. Rd4+ Kf3 42. Rd3+ Ke2 0-1


[Site "https://www.chess.com"]

[Event "Titled Tuesday Blitz June 20 Late 2023"]
[White "whiteglovethief"]
[Black "K2JW"]
[WhiteElo "2515"]
[BlackElo "2339"]
[Result "1-0"]
[Round "2"]
[TimeControl "180+2"]
[Date "2023.06.20"]
[WhiteClock "0:01:23"]
[BlackClock "0:00:00"]
[Board "138"]

1. d4 d5 2. c4 e6 3. Nf3 Nf6 4. g3 Be7 5. Bg2 O-O 6. O-O c6 7. Qc2 b6 8. Nc3 Ba6 9. b3 Nbd7 10. Rd1 Rc8 11. e4 dxc4 12. bxc4 Bxc4 13. e5 Nd5 14. Ne4 Ba6 15. Bg5 h6 16. Bxe7 Qxe7 17. Nd6 Rc7 18. Qa4 Bb5 19. Qb3 Rb8 20. Rac1 Ba6 21. Nd2 c5 22. Bxd5 exd5 23. Qxd5 Bb7 24. Nxb7 Rbxb7 25. Ne4 cxd4 26. Nd6 Rxc1 27. Rxc1 Rb8 28. f4 Rd8 29. Rc7 Qe6 30. Qxd4 Nc5 31. Rxa7 Rd7 32. Ra8+ Kh7 33. f5 Qxa2 34. Rxa2 1-0


[Site "https://www.chess.com"]

[Event "Titled Tuesday Blitz June 20 Late 2023"]
[White "Berezin, Viktor"]
[Black "Avalos Parra, Joao"]
[WhiteFideId "14107872"]
[BlackFideId "3402541"]
[WhiteElo "2310"]
[BlackElo "2173"]
[Result "0-1"]
[Round "2"]
[TimeControl "180+2"]
[Date "2023.06.20"]
[WhiteClock "0:00:11"]
[BlackClock "0:00:24"]
[Board "139"]

1. d4 d5 2. c4 e6 3. Nf3 Nf6 4. g3 Bb4+ 5. Nbd2 dxc4 6. Qc2 b5 7. Bg2 Bb7 8. O-O O-O 9. e3 Nbd7 10. Rd1 Qc8 11. e4 c5 12. e5 Nd5 13. a3 Bxd2 14. Rxd2 cxd4 15. Rxd4 h6 16. Bxh6 Ne7 17. Qd2 Bxf3 18. Qg5 Ng6 19. Bxf3 gxh6 20. Qxh6 Ndxe5 21. Bg2 Rd8 22. Rad1 Rxd4 23. Rxd4 Qc5 24. Rd2 Qf8 25. Qg5 Rb8 26. h4 Qe7 27. Qh6 Rd8 28. h5 Rxd2 29. Qxd2 Nf8 30. Be4 f5 31. Bg2 Qf7 32. h6 Qh5 33. Qf4 Nfg6 34. Qd4 Qxh6 35. Qxa7 Qc1+ 36. Kh2 Ng4+ 37. Kh3 Qh6# 0-1


[Site "https://www.chess.com"]

[Event "Titled Tuesday Blitz June 20 Late 2023"]
[White "Karamsetty, Jeevan"]
[Black "Lach, Aleksandra"]
[WhiteFideId "2025337"]
[BlackFideId "1134299"]
[WhiteElo "2131"]
[BlackElo "2111"]
[Result "1-0"]
[Round "2"]
[TimeControl "180+2"]
[Date "2023.06.20"]
[WhiteClock "0:01:42"]
[BlackClock "0:00:08"]
[Board "140"]

1. e4 e5 2. Nf3 Nc6 3. Bc4 Bc5 4. c3 Nf6 5. d4 exd4 6. e5 Qe7 7. O-O Ng8 8. cxd4 Bb4 9. a3 Ba5 10. d5 Nxe5 11. Nxe5 Qxe5 12. b4 Qxa1 13. Qe2+ Ne7 14. Bb2 Qxb2 15. Qxb2 O-O 16. bxa5 d6 17. Nd2 Ng6 18. Nf3 Bg4 19. Qxb7 Bxf3 20. gxf3 Ne5 21. Be2 Rfe8 22. Rc1 Ng6 23. Bf1 Nf4 24. Rxc7 Rab8 25. Qxa7 Rb1 26. Re7 Rc8 27. Qd7 Rf8 28. Re8 Ne2+ 29. Rxe2 1-0


[Site "https://www.chess.com"]

[Event "Titled Tuesday Blitz June 20 Late 2023"]
[White "Freile Martin, Javier"]
[Black "Siniauski, Artsiom"]
[WhiteFideId "3600165"]
[BlackFideId "13512269"]
[WhiteElo "2320"]
[BlackElo "2065"]
[Result "0-1"]
[Round "2"]
[TimeControl "180+2"]
[Date "2023.06.20"]
[WhiteClock "0:01:00"]
[BlackClock "0:02:27"]
[Board "141"]

1. d4 e6 2. c4 Nf6 3. Nc3 Bb4 4. e3 O-O 5. Ne2 b5 6. cxb5 a6 7. bxa6 Bxa6 8. Bd2 d5 9. Ng3 Bxf1 10. Nxf1 c5 11. dxc5 Nc6 12. Na4 Qa5 13. a3 Bxd2+ 14. Nxd2 Qxa4 15. Qxa4 Rxa4 16. Ke2 Rfa8 17. Rhc1 Nd7 18. Rc3 Kf8 19. Nb3 Ke7 20. Rd1 Rb8 21. Rd2 Nde5 22. Nd4 Nxd4+ 23. exd4 Nc4 24. b4 Nxd2 25. Kxd2 Rba8 26. b5 Rxd4+ 27. Kc2 Rc4 28. Rxc4 dxc4 29. Kc3 Kd7 30. Kb4 c3 31. Kxc3 Rxa3+ 32. Kb4 Ra2 0-1


[Site "https://www.chess.com"]

[Event "Titled Tuesday Blitz June 20 Late 2023"]
[White "Shapiro, Daniel"]
[Black "Petukhov, Dmitry"]
[WhiteFideId "2001780"]
[BlackFideId "4142748"]
[WhiteElo "2333"]
[BlackElo "2311"]
[Result "0-1"]
[Round "2"]
[TimeControl "180+2"]
[Date "2023.06.20"]
[WhiteClock "0:00:00"]
[BlackClock "0:00:22"]
[Board "143"]

1. d4 Nf6 2. c4 g6 3. Nc3 d5 4. Qb3 dxc4 5. Qxc4 Bg7 6. e4 O-O 7. Nf3 a6 8. Qa4 Nbd7 9. e5 Nb6 10. exf6 Nxa4 11. fxg7 Kxg7 12. Nxa4 Bg4 13. Be3 Bxf3 14. gxf3 Qd6 15. Nc3 e5 16. O-O-O exd4 17. Bxd4+ Kg8 18. Kb1 Rad8 19. h4 c5 20. Ne4 Qc6 21. Nf6+ Kh8 22. Nd7+ cxd4 23. Nxf8 Rxf8 24. Rxd4 Rc8 25. Bd3 Qxf3 26. Re1 Qxf2 27. Rd1 Qxd4 0-1


[Site "https://www.chess.com"]

[Event "Titled Tuesday Blitz June 20 Late 2023"]
[White "Rosenberg, Evan S"]
[Black "The_Sherman_Variation"]
[WhiteFideId "2019299"]
[WhiteElo "2329"]
[BlackElo "2506"]
[Result "0-1"]
[Round "2"]
[TimeControl "180+2"]
[Date "2023.06.20"]
[WhiteClock "0:00:00"]
[BlackClock "0:00:42"]
[Board "144"]

1. d4 b5 2. e4 a6 3. Nf3 Bb7 4. Bd3 e6 5. O-O c5 6. c3 Nf6 7. Re1 Be7 8. Bf4 O-O 9. h3 h6 10. Nbd2 d5 11. e5 Nfd7 12. Rc1 Re8 13. Bb1 Nc6 14. Nf1 Rc8 15. N3h2 cxd4 16. cxd4 Qb6 17. Be3 Bb4 18. Re2 Ne7 19. Rec2 Rxc2 20. Qxc2 Nf8 21. a3 Rc8 22. Qd1 Rxc1 23. Qxc1 Ba5 24. b4 Qc7 25. bxa5 Qxa5 26. Bd2 Qa4 27. Bb4 Nc6 28. Bc2 Nxd4 29. Bxa4 Ne2+ 30. Kh1 Nxc1 31. Bc2 Nd7 32. f4 Ne2 33. Bd2 Nd4 34. Bd3 Nc5 35. Bb1 Ncb3 36. Be3 a5 37. Nd2 b4 38. Nxb3 Nxb3 39. axb4 axb4 40. Nf3 Ba6 41. Nd4 Nc5 42. Bc2 Bc4 43. Bb1 b3 44. f5 b2 45. fxe6 fxe6 46. Nc2 Ne4 47. Na3 Nc3 48. Bd4 Nxb1 49. Nxb1 Bd3 50. Na3 b1=Q+ 51. Nxb1 Bxb1 52. g4 Kf7 53. Kg2 Kg6 54. Kg3 h5 55. h4 Bc2 56. Bc3 Bd1 57. gxh5+ Kf5 58. Bd4 Bxh5 59. Bc3 Ke4 60. Bb2 d4 61. Ba3 Ke3 62. Bf8 g6 0-1


[Site "https://www.chess.com"]

[Event "Titled Tuesday Blitz June 20 Late 2023"]
[White "Liu, Casper"]
[Black "Buscar, Michael"]
[WhiteFideId "1454153"]
[BlackFideId "2603616"]
[WhiteElo "2221"]
[BlackElo "2010"]
[Result "1/2-1/2"]
[Round "2"]
[TimeControl "180+2"]
[Date "2023.06.20"]
[WhiteClock "0:01:37"]
[BlackClock "0:00:28"]
[Board "145"]

1. e4 c5 2. d4 cxd4 3. Qxd4 Nc6 4. Qe3 g6 5. Nc3 Bg7 6. Bd2 Nf6 7. O-O-O d6 8. f3 O-O 9. Bc4 Na5 10. Bb3 Nxb3+ 11. axb3 Be6 12. h4 Qa5 13. Kb1 Qc5 14. Nge2 Rfc8 15. Nd4 Ng4 16. Nxe6 Nxe3 17. Nxc5 Nxd1 18. Nxd1 Rxc5 19. c3 a5 20. Nf2 b5 21. Nd3 Rc7 22. Nf4 Bh6 23. Nd5 Bxd2 24. Nxc7 Rb8 25. Kc2 Bh6 26. Ra1 Rb7 27. Nd5 Ra7 28. Nb4 a4 29. Kd3 Bg7 30. bxa4 bxa4 31. Nc6 Rc7 32. Na5 f5 33. Rxa4 fxe4+ 34. Rxe4 Kf7 35. b4 Rxc3+ 36. Kd2 Ra3 37. Rc4 Ra2+ 38. Rc2 Bh6+ 39. Kd3 Ra4 40. Rb2 Bg7 41. Rb1 Ke6 42. Nc4 Ra2 43. g4 d5 44. Nd2 Be5 45. b5 Kd7 46. Nb3 Bd6 47. b6 Kc6 48. Nd4+ Kb7 49. Ne6 Ra6 50. Nd8+ Kc8 51. Nc6 Kb7 52. Nd8+ Kc8 53. Nc6 Kb7 54. Nd8+ 1/2-1/2


[Site "https://www.chess.com"]

[Event "Titled Tuesday Blitz June 20 Late 2023"]
[White "Muradov, Soltan"]
[Black "Prieto Aranguren, Alain"]
[WhiteFideId "14002108"]
[BlackFideId "2268906"]
[WhiteElo "2163"]
[BlackElo "2209"]
[Result "1-0"]
[Round "2"]
[TimeControl "180+2"]
[Date "2023.06.20"]
[WhiteClock "0:00:05"]
[BlackClock "0:00:02"]
[Board "146"]

1. d4 d6 2. c4 g6 3. Nc3 Bg7 4. e4 Nc6 5. Be3 e5 6. d5 Nd4 7. Nf3 Bg4 8. Be2 Nxe2 9. Qxe2 Ne7 10. h3 Bd7 11. g4 O-O 12. O-O-O c6 13. Qd2 cxd5 14. cxd5 f5 15. gxf5 gxf5 16. Bh6 f4 17. Bxg7 Kxg7 18. Kb1 Ng6 19. h4 Bg4 20. Ng5 Kh8 21. Rdg1 Bd7 22. h5 Ne7 23. f3 Qe8 24. Ne6 Bxe6 25. dxe6 Rd8 26. Nd5 Nxd5 27. exd5 Qe7 28. Qc2 Rg8 29. a3 Rc8 30. Rxg8+ Rxg8 31. Rc1 Qf6 32. Qc7 e4 33. fxe4 f3 34. Qc3 Qxc3 35. Rxc3 f2 36. Rf3 Rg4 37. e5 dxe5 38. Rxf2 e4 39. e7 Rg8 40. Rf8 1-0


[Site "https://www.chess.com"]

[Event "Titled Tuesday Blitz June 20 Late 2023"]
[White "Hoffmann, Asa"]
[Black "Haszon, David"]
[WhiteFideId "2001470"]
[BlackFideId "733610"]
[WhiteElo "2117"]
[BlackElo "2210"]
[Result "0-1"]
[Round "2"]
[TimeControl "180+2"]
[Date "2023.06.20"]
[WhiteClock "0:00:23"]
[BlackClock "0:00:22"]
[Board "147"]

1. d4 Nf6 2. Bg5 e6 3. Nd2 d5 4. e3 c5 5. c3 Nc6 6. f4 Be7 7. Bd3 b6 8. Ngf3 Bb7 9. O-O Qc8 10. Ne5 h6 11. Bh4 Nd7 12. Bxe7 Ndxe5 13. fxe5 Nxe7 14. Qh5 g6 15. Qh4 Ba6 16. Rxf7 Kxf7 17. Qf6+ Kg8 18. Bxg6 Qf8 19. Qxe6+ Kg7 20. Bh5 Bc8 21. Qd6 Rg8 22. Rf1 Bf5 23. Nf3 Rd8 24. Qc7 Kh8 25. Nh4 Qg7 26. g3 Qg5 27. Bf7 Qxe3+ 28. Kg2 Qg5 29. Bxg8 Rxg8 30. Rf4 Qxf4 31. Qxe7 Be4+ 32. Kg1 Rxg3+ 33. hxg3 Qxg3+ 34. Kf1 Bd3# 0-1


[Site "https://www.chess.com"]

[Event "Titled Tuesday Blitz June 20 Late 2023"]
[White "Delorme, Axel"]
[Black "Zhukov, Maksim"]
[WhiteFideId "632023"]
[BlackFideId "34181790"]
[WhiteElo "2478"]
[BlackElo "1925"]
[Result "1-0"]
[Round "2"]
[TimeControl "180+2"]
[Date "2023.06.20"]
[WhiteClock "0:00:27"]
[BlackClock "0:00:14"]
[Board "148"]

1. e4 c5 2. Nf3 d6 3. Bb5+ Bd7 4. Bxd7+ Qxd7 5. O-O Nc6 6. c3 Nf6 7. Qe2 e6 8. d4 cxd4 9. cxd4 Be7 10. Nc3 O-O 11. d5 Ne5 12. Nxe5 dxe5 13. Rd1 Bb4 14. dxe6 Qxe6 15. Nd5 Nxd5 16. Rxd5 Rfd8 17. Qb5 Rxd5 18. exd5 Qb6 19. Qxb6 axb6 20. Be3 Bc5 21. a3 Rd8 22. Rd1 Bd4 23. Bxd4 exd4 24. Rxd4 f5 25. Kf1 Kf7 26. Ke2 g5 27. Rb4 Rxd5 28. Rxb6 Re5+ 29. Kd3 Rd5+ 30. Kc4 Rd7 31. a4 Rc7+ 32. Kb5 Rc2 33. Rxb7+ Kg6 34. b4 Rxf2 35. a5 Rxg2 36. a6 Ra2 37. a7 Kh5 38. Rxh7+ Kg4 39. Kb6 f4 40. Rh8 f3 41. a8=Q Rxa8 42. Rxa8 Kh3 43. Rf8 g4 44. Rh8+ Kg2 45. Rh4 g3 46. hxg3 Kxg3 47. Rh8 f2 48. Rf8 Kg2 49. Rxf2+ Kxf2 50. Kc5 Ke3 51. b5 1-0


[Site "https://www.chess.com"]

[Event "Titled Tuesday Blitz June 20 Late 2023"]
[White "Todev, Simeon"]
[Black "Shuvalov, Evgenij"]
[WhiteFideId "2925133"]
[BlackFideId "4187237"]
[WhiteElo "1938"]
[BlackElo "2080"]
[Result "1-0"]
[Round "2"]
[TimeControl "180+2"]
[Date "2023.06.20"]
[WhiteClock "0:00:18"]
[BlackClock "0:00:17"]
[Board "149"]

1. e4 e6 2. Nf3 d5 3. Nc3 Nf6 4. exd5 exd5 5. d4 Be7 6. Bg5 O-O 7. Bd3 Bg4 8. O-O Nc6 9. Be2 Ne4 10. Bxe7 Nxe7 11. Nxe4 dxe4 12. Ne5 Bxe2 13. Qxe2 Qxd4 14. Nc4 f5 15. Rad1 Qc5 16. Rd7 Ng6 17. b4 Qxb4 18. Rxc7 Rac8 19. Rxc8 Rxc8 20. Ne3 Qc5 21. Rd1 Nf4 22. Qd2 g6 23. Qd7 Qc7 24. Qb5 Qc6 25. Qb3+ Kg7 26. g3 Ne2+ 27. Kg2 Nc3 28. Rd4 b5 29. Qa3 Rc7 30. Rd8 Rf7 31. Rd6 Qc7 32. Qb4 Kh6 33. Qd4 a5 34. Rf6 b4 35. Nxf5+ Kg5 36. h4+ Kh5 37. g4+ Kxg4 38. Rxf7 Qf4 39. Ne3+ Qxe3 40. Qxe3 Kxh4 41. Qg3+ Kh5 42. Rxh7# 1-0


[Site "https://www.chess.com"]

[Event "Titled Tuesday Blitz June 20 Late 2023"]
[White "Kochiev, Ivan"]
[Black "Stanisz, Patryk"]
[WhiteFideId "2917890"]
[BlackFideId "1123106"]
[WhiteElo "2287"]
[BlackElo "2069"]
[Result "1-0"]
[Round "2"]
[TimeControl "180+2"]
[Date "2023.06.20"]
[WhiteClock "0:00:10"]
[BlackClock "0:00:01"]
[Board "150"]

1. e4 c5 2. Nf3 Nc6 3. d4 cxd4 4. Nxd4 Nf6 5. Nc3 e5 6. Ndb5 d6 7. Bg5 a6 8. Na3 b5 9. Nd5 Qa5+ 10. Bd2 Qd8 11. Bd3 Nxd5 12. exd5 Ne7 13. c4 bxc4 14. Nxc4 Nf5 15. O-O Be7 16. f4 exf4 17. Ba5 Qd7 18. Nb6 Qa7 19. Qa4+ Kf8 20. Qxf4 g5 21. Qf2 Bd8 22. Nxa8 Qxf2+ 23. Rxf2 Bxa5 24. Bxf5 Bb7 25. Be6 Bxa8 26. Rxf7+ Ke8 27. Rc1 Bb6+ 28. Kh1 Rf8 29. Rc8+ Bd8 30. Rxd8+ 1-0


[Site "https://www.chess.com"]

[Event "Titled Tuesday Blitz June 20 Late 2023"]
[White "Cooper, Aaron"]
[Black "Kokoszczynski, Jan"]
[WhiteFideId "2634945"]
[BlackFideId "1174460"]
[WhiteElo "2310"]
[BlackElo "2139"]
[Result "0-1"]
[Round "2"]
[TimeControl "180+2"]
[Date "2023.06.20"]
[WhiteClock "0:00:07"]
[BlackClock "0:00:35"]
[Board "151"]

1. e4 e5 2. Bc4 Nf6 3. d3 Nc6 4. Nc3 Na5 5. Nge2 Nxc4 6. dxc4 Bc5 7. O-O d6 8. Bg5 h6 9. Bxf6 Qxf6 10. Nd5 Qd8 11. Qd3 c6 12. Ne3 Be6 13. Rad1 a5 14. b3 Qg5 15. f4 exf4 16. Nxf4 O-O 17. Rde1 Rae8 18. Kh1 Bc8 19. c3 Re5 20. Nc2 f5 21. exf5 Bxf5 22. Rxe5 Bxd3 23. Rxg5 Bxf1 24. Rg4 Be2 25. Nxe2 Rf1+ 26. Ng1 Rxg1# 0-1


[Site "https://www.chess.com"]

[Event "Titled Tuesday Blitz June 20 Late 2023"]
[White "Tifferet, Shaked"]
[Black "Gerbelli Neto, Eduardo"]
[WhiteFideId "2811529"]
[BlackFideId "2103281"]
[WhiteElo "2142"]
[BlackElo "2178"]
[Result "1-0"]
[Round "2"]
[TimeControl "180+2"]
[Date "2023.06.20"]
[WhiteClock "0:01:01"]
[BlackClock "0:00:14"]
[Board "152"]

1. c3 e5 2. h3 Nf6 3. d4 exd4 4. cxd4 d5 5. Nc3 Bd6 6. Bg5 c6 7. Qc2 O-O 8. e3 Nbd7 9. Bd3 h6 10. Bh4 Re8 11. Nge2 b5 12. a4 b4 13. Nb1 c5 14. dxc5 Nxc5 15. Nd2 a5 16. Bb5 Bd7 17. Bxf6 Qxf6 18. Bxd7 Nxd7 19. Nf3 Ne5 20. Nxe5 Bxe5 21. Rb1 d4 22. exd4 Bxd4 23. O-O Rac8 24. Qd2 Be5 25. b3 Bc3 26. Qd3 Rcd8 27. Qb5 Re5 28. Qc4 Bd2 29. Rbd1 Red5 30. Ng3 Qf4 31. Ne4 Rd4 32. Rxd2 Rxc4 33. Rxd8+ Kh7 34. bxc4 Qxe4 35. c5 Qc6 36. Rc1 b3 37. Rb8 Qxa4 38. c6 b2 39. Rxb2 Qa3 40. c7 Qxb2 41. c8=Q a4 42. Qc2+ 1-0


[Site "https://www.chess.com"]

[Event "Titled Tuesday Blitz June 20 Late 2023"]
[White "Rodriguez Polo, Mateo"]
[Black "cristianserban1"]
[WhiteFideId "24509396"]
[WhiteElo "2117"]
[BlackElo "2492"]
[Result "0-1"]
[Round "2"]
[TimeControl "180+2"]
[Date "2023.06.20"]
[WhiteClock "0:00:00"]
[BlackClock "0:01:01"]
[Board "153"]

1. d4 d5 2. c4 e6 3. Nc3 Nf6 4. cxd5 exd5 5. Bg5 Be7 6. e3 O-O 7. Bd3 c6 8. Qc2 h6 9. Bh4 Nbd7 10. Nge2 Re8 11. O-O Ne4 12. Bxe7 Qxe7 13. Rab1 a5 14. a3 Ndf6 15. b4 axb4 16. axb4 b5 17. Bxe4 dxe4 18. Ng3 h5 19. Rfc1 h4 20. Nf1 Bf5 21. Ne2 Ra6 22. Qc5 Nd5 23. Qxe7 Rxe7 24. Nc3 Be6 25. Nxe4 Bf5 26. Nc5 Ra2 27. Rb3 Bc2 28. Rbb1 Bxb1 29. Rxb1 Nc3 30. Re1 h3 31. Ng3 hxg2 32. Kxg2 Rb2 33. Nf5 Ra7 34. Nd3 Rd2 35. Ne5 Raa2 36. Rf1 Ne4 0-1


[Site "https://www.chess.com"]

[Event "Titled Tuesday Blitz June 20 Late 2023"]
[White "Przybylski, Wojciech"]
[Black "Romero Ruscalleda, Josep"]
[WhiteFideId "1117599"]
[BlackFideId "2231859"]
[WhiteElo "2228"]
[BlackElo "2183"]
[Result "1-0"]
[Round "2"]
[TimeControl "180+2"]
[Date "2023.06.20"]
[WhiteClock "0:00:06"]
[BlackClock "0:00:00"]
[Board "154"]

1. d4 g6 2. g3 Bg7 3. Bg2 d6 4. Nf3 Nc6 5. O-O e5 6. c3 Bf5 7. Re1 Qd7 8. e4 Bg4 9. Be3 Nge7 10. d5 Nd8 11. Nbd2 O-O 12. Qb3 h6 13. c4 b6 14. Qd3 f5 15. h3 f4 16. hxg4 fxe3 17. Rxe3 Qxg4 18. b4 a5 19. c5 axb4 20. c6 Ra3 21. Qe2 Rxe3 22. Qxe3 Nf7 23. a4 bxa3 24. Rxa3 h5 25. Qe1 Bh6 26. Ra7 Qc8 27. Nc4 Ng5 28. Nh4 Rf7 29. Qa1 Kg7 30. Ra8 Qg4 31. Ne3 Qe2 32. Qf1 Qd2 33. Re8 Nxe4 34. Nc4 Qxf2+ 35. Qxf2 Nxf2 36. Nxb6 cxb6 37. c7 1-0


[Site "https://www.chess.com"]

[Event "Titled Tuesday Blitz June 20 Late 2023"]
[White "Vifleemskaia, Svetlana"]
[Black "Bilan, Danila"]
[WhiteFideId "4129490"]
[BlackFideId "24161918"]
[WhiteElo "1930"]
[BlackElo "2146"]
[Result "0-1"]
[Round "2"]
[TimeControl "180+2"]
[Date "2023.06.20"]
[WhiteClock "0:00:00"]
[BlackClock "0:00:17"]
[Board "155"]

1. d4 d5 2. c4 c6 3. cxd5 cxd5 4. Bf4 Nc6 5. Nc3 a6 6. e3 Nf6 7. Bd3 g6 8. h3 Bf5 9. Nf3 Bg7 10. O-O O-O 11. Rc1 Rc8 12. Ne5 Nxe5 13. Bxe5 b5 14. Bxf5 gxf5 15. Qd3 e6 16. Ne2 Qa5 17. a3 Ne4 18. b4 Qb6 19. f3 Nd6 20. Bxd6 Qxd6 21. Rc5 Bf6 22. Rfc1 Qd7 23. Qc3 Ra8 24. Rc7 Qd8 25. Qc6 Bg5 26. f4 Bh6 27. g3 Qf6 28. Kf2 Rfb8 29. Rb7 Re8 30. Ng1 Bf8 31. Nf3 a5 32. Rxb5 axb4 33. axb4 Ra2+ 34. Rc2 Rxc2+ 35. Qxc2 Qd8 36. Qc6 Re7 37. Rb7 Qa8 38. Rxe7 Qxc6 39. Ra7 Bxb4 40. Ne5 Qc2+ 41. Kf3 Qd1+ 42. Kf2 Be1+ 43. Kg2 Qe2+ 0-1


[Site "https://www.chess.com"]

[Event "Titled Tuesday Blitz June 20 Late 2023"]
[White "Alexikov, Alexander"]
[Black "Papayan, Oleg"]
[WhiteFideId "14103958"]
[BlackFideId "4193911"]
[WhiteElo "2186"]
[BlackElo "2167"]
[Result "0-1"]
[Round "2"]
[TimeControl "180+2"]
[Date "2023.06.20"]
[WhiteClock "0:00:00"]
[BlackClock "0:00:02"]
[Board "156"]

1. e4 e5 2. Nf3 Nc6 3. c3 d5 4. Qa4 Qd6 5. Bb5 Bd7 6. d4 exd4 7. exd5 Qxd5 8. cxd4 Qe4+ 9. Be3 Bb4+ 10. Nc3 Nge7 11. O-O Bxc3 12. bxc3 a6 13. Rfe1 O-O 14. Be2 Nd5 15. Bd2 Nb6 16. Qa3 Qf5 17. c4 Rfe8 18. Bd3 Qh5 19. d5 Ne5 20. Nxe5 Rxe5 21. Rxe5 Qxe5 22. Re1 Qd4 23. Qc3 Qxc3 24. Bxc3 Re8 25. Rxe8+ Bxe8 26. Be5 c6 27. Bc7 Na8 28. Bd8 cxd5 29. cxd5 f6 30. Bf5 Bg6 31. Be6+ Bf7 32. f4 Bxe6 33. dxe6 Kf8 34. f5 Ke8 35. Ba5 b6 36. Bb4 Nc7 37. g4 Nd5 38. Bd2 Ke7 39. Kf2 Kd6 40. Kf3 Kc5 41. Ke4 a5 42. h4 h6 43. g5 hxg5 44. hxg5 fxg5 45. Bxg5 Kd6 46. Bd8 a4 47. a3 b5 48. Kd4 Nf4 0-1


[Site "https://www.chess.com"]

[Event "Titled Tuesday Blitz June 20 Late 2023"]
[White "Jovic, Stanoje"]
[Black "Ardila, Oscar Humberto"]
[WhiteFideId "905020"]
[BlackFideId "4404742"]
[WhiteElo "2236"]
[BlackElo "1912"]
[Result "1-0"]
[Round "2"]
[TimeControl "180+2"]
[Date "2023.06.20"]
[WhiteClock "0:00:09"]
[BlackClock "0:00:02"]
[Board "157"]

1. c4 Nf6 2. g3 g6 3. Bg2 Bg7 4. Nc3 O-O 5. Nf3 d6 6. O-O Nbd7 7. d3 e5 8. Rb1 c6 9. b4 Re8 10. e4 Nf8 11. h3 Ne6 12. Be3 Qc7 13. a4 Bd7 14. a5 b6 15. a6 Rad8 16. b5 Nc5 17. bxc6 Bxc6 18. Nd5 Nxd5 19. cxd5 Bd7 20. Rc1 Qc8 21. d4 exd4 22. Nxd4 Qxa6 23. Nc6 Bxc6 24. dxc6 Qc8 25. Bg5 f6 26. Qd5+ Qe6 27. Be3 f5 28. Rfd1 fxe4 29. Bxc5 Qxd5 30. Rxd5 dxc5 31. Bxe4 Rc8 32. Rc4 Rxc6 33. Rd7 Rcc8 34. Bd5+ Kh8 35. Rxa7 Rcd8 36. Bc6 Rf8 37. Rf4 Bd4 38. Raf7 Rxf7 39. Rxf7 Rc8 40. Bb5 Rb8 41. Kg2 h5 42. f4 Ra8 43. g4 hxg4 44. hxg4 Ra2+ 45. Kf3 Rf2+ 46. Ke4 Rb2 47. Bd3 Rd2 48. Bb5 Rb2 49. Bd3 Rb4 50. Kd5 Kg8 51. Bxg6 Bg7 52. Rf5 Rd4+ 53. Ke6 b5 54. Bf7+ Kh7 55. Rh5+ Bh6 56. g5 Rxf4 57. Rxh6+ Kg7 58. Rg6+ Kh7 59. Rf6 Re4+ 60. Kf5 Rd4 61. Bh5 Rd5+ 62. Kf4 Rd4+ 63. Ke5 b4 64. Rf7+ Kg8 65. g6 b3 66. Rb7 Rh4 67. Bf3 Rh3 68. Bd5+ Kf8 69. g7+ Ke8 70. g8=Q# 1-0


[Site "https://www.chess.com"]

[Event "Titled Tuesday Blitz June 20 Late 2023"]
[White "Nathan, Nitish"]
[Black "Bazilius, Augustinas"]
[WhiteFideId "30927870"]
[BlackFideId "12832251"]
[WhiteElo "2279"]
[BlackElo "1980"]
[Result "1-0"]
[Round "2"]
[TimeControl "180+2"]
[Date "2023.06.20"]
[WhiteClock "0:01:29"]
[BlackClock "0:00:03"]
[Board "158"]

1. d4 Nf6 2. g3 c5 3. d5 e6 4. dxe6 fxe6 5. c4 d5 6. cxd5 exd5 7. Bg2 Nc6 8. Nf3 Be7 9. O-O O-O 10. Bf4 Qb6 11. Qc2 d4 12. Nbd2 Nd5 13. Nc4 Qd8 14. Bd2 Bf5 15. Qd1 Qc7 16. Nxd4 Nxd4 17. Bxd5+ Kh8 18. Bg2 Bc2 19. Qe1 Bf6 20. Bf4 Qf7 21. Nd6 Qe6 22. e3 Nc6 23. Nxb7 Bxb2 24. Nxc5 Qc4 25. Bxc6 Rac8 26. Nd7 Rfd8 27. Ne5 Bxe5 28. Bxe5 Qxc6 29. Rc1 Qf3 30. Rxc2 Rxc2 31. Qa5 Rd7 32. Qa4 Rxf2 33. Rxf2 Rd1+ 34. Qxd1 Qxd1+ 35. Rf1 Qd8 36. Rf7 Qe8 37. Rxa7 Qc8 38. Bd4 Qc1+ 39. Kg2 Qd2+ 40. Kf3 h5 41. Rxg7 Qd1+ 42. Ke4 Qg4+ 43. Rxg4+ 1-0


[Site "https://www.chess.com"]

[Event "Titled Tuesday Blitz June 20 Late 2023"]
[White "Turner, Max N"]
[Black "Sarkar, Justin"]
[WhiteFideId "447722"]
[BlackFideId "2010011"]
[WhiteElo "2157"]
[BlackElo "2151"]
[Result "1-0"]
[Round "2"]
[TimeControl "180+2"]
[Date "2023.06.20"]
[WhiteClock "0:02:16"]
[BlackClock "0:00:00"]
[Board "159"]

1. d4 Nf6 2. c4 e6 3. Nc3 d5 4. cxd5 exd5 5. Bg5 Be6 6. e3 Nbd7 7. Qb3 Nb6 8. a4 a5 9. Bb5+ c6 10. Bd3 Bb4 11. Ne2 h6 12. Bh4 O-O 13. Nf4 Bc8 14. Nh5 g5 15. Nxf6+ Qxf6 16. Bg3 Bf5 17. Qc2 Bxd3 18. Qxd3 Qg6 19. O-O-O Nc4 20. h4 Qxd3 21. Rxd3 Kg7 22. b3 Nd6 23. Bxd6 Bxd6 24. Ne2 f5 25. Rdd1 f4 26. hxg5 hxg5 27. Rh5 Be7 28. exf4 gxf4 29. Rdh1 f3 30. Rh7+ Kf6 31. gxf3 Ba3+ 32. Kc2 Rf7 33. R1h6+ Ke7 34. Rxf7+ Kxf7 35. Rh7+ Ke6 36. Rxb7 1-0


[Site "https://www.chess.com"]

[Event "Titled Tuesday Blitz June 20 Late 2023"]
[White "Sala, Giulia"]
[Black "Barria Santos, Jose Guilherme"]
[WhiteFideId "2840451"]
[BlackFideId "1939300"]
[WhiteElo "1769"]
[BlackElo "2266"]
[Result "0-1"]
[Round "2"]
[TimeControl "180+2"]
[Date "2023.06.20"]
[WhiteClock "0:01:38"]
[BlackClock "0:00:41"]
[Board "160"]

1. d4 Nf6 2. Bf4 d5 3. e3 c5 4. dxc5 Nc6 5. Bb5 Bg4 6. Qd4 Bd7 7. Bxc6 Bxc6 8. Nc3 a5 9. Nf3 e6 10. O-O Nd7 11. Bd6 Qf6 12. Bxf8 Kxf8 13. a3 e5 14. Qd2 d4 15. exd4 Bxf3 16. gxf3 exd4 17. Ne4 Qe5 18. b4 h5 19. c3 Rh6 20. Qxd4 Rg6+ 21. Ng3 Qxd4 22. cxd4 h4 23. Rfe1 hxg3 24. hxg3 Rg5 25. b5 Rd5 26. Red1 Rd8 27. Rac1 Nxc5 28. Kg2 Ne6 29. f4 g6 30. g4 Nxf4+ 31. Kf3 Ne6 32. Ke4 Rxd4+ 33. Rxd4 Rxd4+ 34. Ke5 Rxg4 35. Rc8+ Kg7 36. Rb8 Rg5+ 37. Kd6 Rxb5 38. Ke7 Rb3 39. a4 Rb4 40. f3 Nd4 41. Ke8 Nxf3 42. Rc8 Rxa4 43. Rc7 Re4+ 44. Kd8 0-1


[Site "https://www.chess.com"]